AoeStats
← EstebanB

Nomad

505799298Analyzed
2v2 RM · 23d ago on Sep 11, 2026· 34m 9s· 4 players
Game mode
Random Map
Map size
176×176
Population
200
Speed
Normal
Resources
Standard
Victory
Conquest
Starting age
Dark Age
Ending age
Imperial Age
RankedLock teamsTeams togetherTeam positionsShared explorationLock speedFull tech treeHidden civsTurbo modeCheats
Victory
Defeat
🇨🇱 Italians · Chile
1032
+19
🇭🇰 Persians · Hong Kong SAR China
1007
+19
🇺🇸 Italians · United States
1088
-19
🇺🇸 Poles · United States
1087
-19
EstebanB
5:02 Loom
12:30 Feudal Age
14:02 Wheelbarrow
13:14 Double-Bit Axe
13:11 Horse Collar
16:52 Fletching
19:40 Castle Age
22:02 Bodkin Arrow
22:25 Bow Saw
22:51 Medium Warships
24:33 Gold Mining
25:59 Hand Cart
28:33 Town Watch
31:46 Imperial Age
30:58 Forging
30:48 Scale Mail Armor
32:49 Iron Casting
32:20 Squires
32:05 Arson
35:45 Blast Furnace
FOPT_Absinthe
13:07 Feudal Age
13:30 Loom
13:57 Double-Bit Axe
18:15 Castle Age
20:40 Scale Barding Armor
21:18 Bloodlines
26:05 Forging
31:08 Chain Barding Armor
31:24 Iron Casting
34:30 Wheelbarrow
33:42 Town Watch
33:59 Horse Collar
34:12 Fletching
Tsar Adidas
5:11 Loom
15:34 Feudal Age
16:19 Horse Collar
21:10 Double-Bit Axe
25:15 Castle Age
24:29 Bloodlines
26:01 Heavy Plow
26:14 Bow Saw
27:23 Husbandry
29:42 Gold Mining
34:13 Szlachta Privileges
Inv1s1blDragon
9:02 Loom
15:06 Feudal Age
15:35 Double-Bit Axe
20:00 Horse Collar
23:03 Castle Age
21:37 Fletching
23:19 Wheelbarrow
23:21 Crossbowman
24:22 Bodkin Arrow
26:06 Padded Archer Armor
29:43 Ballistics
30:43 Leather Archer Armor
31:36 Bow Saw
Connection lost

Rejoining the realm…

Still unreachable

The connection could not be restored.

Session expired

The server has moved on; the page needs a fresh start.